 Dungeon Crawl Stone Soup version 0.30-a0-1053-gbd8d5ba0ad (webtiles) character file.

Game seed: 12532094297761599143

26 Darkkill the Shooter (level 2, -5/26 HPs)
             Began as a Minotaur Hunter on Apr 11, 2023.
             Slain by a gnoll
             ... wielding a +0 halberd
              (8 damage)
             ... on level 2 of the Dungeon.
             The game lasted 00:01:10 (931 turns).

Darkkill the Shooter (Minotaur Hunter)               Turns: 931, Time: 00:01:10

Health: -5/26      AC:  3    Str: 15    XL:     2   Next: 89%
Magic:  1/1        EV: 12    Int:  6    God:
Gold:   82         SH:  0    Dex: 13    Spells: 1/1 levels left

rFire   . . .      SeeInvis .    a - +0 shortbow
rCold   . . .      Faith    .    (shield currently unavailable)
rNeg    . . .      Spirit   .    c - +0 leather armour
rPois   .          Reflect  .    (helmet restricted)
rElec   .          Rampage  .    (no cloak)
rCorr   .                        (no gloves)
Will    .....                    (no boots)
Stlth   +                        (no amulet)
HPRegen 0.24/turn                (no ring)
MPRegen 0.07/turn                (no ring)

@: about to teleport
A: horns 2, retaliatory headbutt
a: no special abilities


You were on level 2 of the Dungeon.
You visited 1 branch of the dungeon, and saw 2 of its levels.

You collected 82 gold pieces.

Inventory:

Hand Weapons
 a - a +0 shortbow (weapon)
Missiles
 g - 6 stones
Armour
 c - a +0 leather armour (worn)
Scrolls
 b - a scroll of immolation
 i - 3 scrolls of magic mapping {unknown}
 j - a scroll of amnesia {unknown}
Potions
 e - a potion of attraction {unknown}
 f - a potion of degeneration {unknown}
 h - a potion of curing {unknown}


   Skills:
 + Level 3.0 Fighting
 + Level 4.6 Ranged Weapons
 + Level 2.7 Dodging
 + Level 1.3 Stealth


You had one spell level left.
You didn't know any spells.
Your spell library contained the following spells:

 Spells                   Type           Power      Damage    Failure   Level
 Sandblast                Erth           0%         2d4       52%         1
 Passwall                 Tmut/Erth      0%         N/A       67%         2
 Stone Arrow              Conj/Erth      0%         3d7       88%         3
 Summon Lightning Spire   Summ/Air       0%         N/A       99%         4
 Storm Form               Tmut/Air       0%         N/A       100%        7
 Maxwell's Capacitive Co  Air            0%         ∞         100%        8


Dungeon Overview and Level Annotations

Branches:
Dungeon (2/15)

Altars:
Trog


Innate Abilities, Weirdness & Mutations

You have a pair of horns on your head.
You reflexively headbutt those who attack you in melee.


Message History

A quokka comes into view.
You shoot an arrow.
The arrow hits the quokka but does no damage.
A quokka is nearby!
A quokka is nearby!
You shoot an arrow. The arrow hits the quokka!
You kill the quokka!
You now have 82 gold pieces (gained 13).
Found a morningstar.
No target in view!
You see here a +0 morningstar.
Found a ring mail.
No target in view!
Found a stone staircase leading up.
No target in view!
No target in view!
You see here a +0 ring mail.
f - a white potion No target in view!
h - an inky potion No target in view!
A quokka comes into view.
You shoot an arrow. The arrow hits the quokka.
The quokka is severely wounded.
A quokka is nearby!
You shoot an arrow. The arrow misses the quokka.
A quokka is nearby!
You shoot an arrow.
The arrow hits the quokka but does no damage.
The quokka is severely wounded.
The quokka bites you.
A quokka is nearby!
You shoot an arrow. The arrow misses the quokka.
The quokka misses you.
A quokka is nearby!
You shoot an arrow.
The arrow hits the quokka but does no damage.
The quokka is severely wounded.
The quokka bites you but does no damage.
The quokka barely misses you.
A quokka is nearby!
A quokka is nearby!
You shoot an arrow. The arrow misses the quokka.
The quokka closely misses you. You furiously retaliate!
You headbutt the quokka.
A quokka is nearby!
You shoot an arrow. The arrow hits the quokka.
You kill the quokka!
Your Fighting skill increases to level 3!
No target in view!
HP restored.
There is a stone staircase leading up here.
i - 3 scrolls labelled FIESSO BOLLU No target in view!
There is a stone staircase leading up here.
j - a scroll labelled QEPHUP YGOIH No target in view!
There is a bloodstained altar of Trog here.
You see here a +0 ring mail.
There is a stone staircase leading up here.
You pick up a book of the Sky and begin reading...
You add the spells Summon Lightning Spire, Storm Form and Maxwell's Capacitive Coupling to your library.
No target in view!
A gnoll comes into view. It is wielding a +0 spear.
You shoot an arrow. The arrow hits the gnoll!
The gnoll shouts!
The gnoll is severely wounded.
You hear a shout! x2; You hear an angry hiss.
The gnoll hits you from afar with a +0 spear.
You shoot an arrow. The arrow barely misses the gnoll.
A ball python comes into view.
A gnoll comes into view. It is wielding a +0 halberd.
You shoot an arrow. The arrow hits the gnoll.
The gnoll is moderately wounded.
The gnoll hits you from afar with a +0 halberd.
There are monsters nearby!
You are too injured to fight recklessly!
You are too injured to fight recklessly!
You are too injured to fight recklessly!
Fire: a) +0 shortbow
Press: ? - help, Q - select action, (/) - cycle Shift-Dir - straight line, f/p - gnoll
Aim: a gnoll, wielding a +0 halberd (moderately wounded, 64% to hit)
You shoot an arrow.
The arrow hits the gnoll but does no damage.
The gnoll is moderately wounded.
The gnoll hits you from afar with a +0 halberd!
* * * LOW HITPOINT WARNING * * *
Fire: a) +0 shortbow
Press: ? - help, Q - select action, (/) - cycle Shift-Dir - straight line, f/p - gnoll
Aim: a gnoll, wielding a +0 halberd (moderately wounded, 64% to hit)
You shoot an arrow. The arrow hits the gnoll.
The gnoll is heavily wounded.
The gnoll barely misses you. The ball python closely misses you.
The ball python barely misses you.
Unknown command.
As you read the scroll labelled IKHU DECIGH, it crumbles to dust.
You feel strangely unstable.
It was a scroll of teleportation.
The gnoll hits you from afar with a +0 spear.
* * * LOW HITPOINT WARNING * * *
A gnoll comes into view. It is wielding a +0 spear.
The gnoll hits you from afar with a +0 halberd!
You die...

.. .. ##.# .. ...
#...# .#..# #...#
#.#.. #.... g...
#####...#####gg# #
#...........#..#...#
............@S......
#...........#..###.#
####...#####.....
#.........##....
#...####### ...
#...# ##
##.######### ####
#.#.......#
#######.>. ###
#<#...#~..#.
#......>##


You could see 3 gnolls and a ball python.

Vanquished Creatures
  An endoplasm (D:1)
  3 giant cockroaches (D:1)
  2 goblins (D:1)
  3 hobgoblins (D:1)
  3 quokkas
  4 ball pythons (D:1)
  A bat (D:1)
  2 frilled lizards (D:1)
  3 kobolds (D:1)
  2 rats
24 creatures vanquished.

Notes
Turn   | Place    | Note
-------+----------+-------------------------------------------
     0 | D:1      | Darkkill the Minotaur Hunter began the quest for the Orb.
     0 | D:1      | Reached XP level 1. HP: 18/18 MP: 0/0
   155 | D:1      | Reached skill level 1 in Stealth
   193 | D:1      | Reached XP level 2. HP: 25/25 MP: 1/1
   211 | D:1      | Found a faded altar of an unknown god.
   799 | D:2      | Found a bloodstained altar of Trog.
   931 | D:2      | HP: 3/26 [gnoll/+0 spear (4)]
   931 | D:2      | Slain by a gnoll

Illustrated notes

Levels and vault maps discovered:
D:1:      dpeg_arrival_boxorama, layout_loops_ring,
          chequers_ecumenical_altar_simple_redux,
          corexii_item_surrounded_by_moat, chequers_garden, feat_on_display
D:2:      layout_loops_cross, basic_altar, chequers_serial_rivers_micro_e,
          uniq_jessica

Skill      XL: |  1  2 |
---------------+-------+-----
Stealth        | 1 |  1.3
Fighting       | 3 |  3.0
Ranged Weapons | |  4.6
Dodging        | |  2.7

Action                     || total
---------------------------++-------
   Fire: Shortbow          ||    66
    Use: Scroll            ||     3
 Armour: Leather armour    ||     2
  Dodge: Dodged            ||    22

Table legend: (Time is in decaauts)
 A = Elapsed time spent in this place.
 B = Non-inter-level travel time spent in this place.
 C = Inter-level travel time spent in this place.
 D = Time resting spent in this place.
 E = Time spent auto-exploring this place.
 F = Levels seen in this place.
 G = Mean time per level.
                   A        B        C        D        E       F      G
               +--------+--------+--------+--------+--------+-----+--------+
         Total |    951 |    849 |    102 |     41 |    677 |   2 |  475.5 |
       Dungeon |    951 |    849 |    102 |     41 |    677 |   2 |  475.5 |
               +--------+--------+--------+--------+--------+-----+--------+

Top non-repeatable levels by time:
     D:1: 785 daAuts
     D:2: 166 daAuts

Table legend:
 A = Kills in this place as a percentage of kills in the entire game.
 B = Kills by you in this place as a percentage of kills by you in the entire game.
 C = Kills by friends in this place as a percentage of kills by friends in the entire game.
 D = Other kills in this place as a percentage of other kills in the entire game.
 E = Experience gained in this place as a percentage of experience gained in the entire game.
 F = Experience gained in this place divided by the number of levels of this place that you have seen.
                   A       B       C       D       E      F
               +-------+-------+-------+-------+-------+----------------------
         Total | 100.0 | 100.0 |   N/A |   N/A | 100.0 |  19.0
       Dungeon | 100.0 | 100.0 |   N/A |   N/A | 100.0 |  19.0
               +-------+-------+-------+-------+-------+----------------------
